 Dungeon Crawl Stone Soup version 0.20-a0-927-g1ae2c61 (webtiles) character file.

32 Deathtrap2010 the Skirmisher (level 3, 33/33 HPs)
             Began as a Minotaur Fighter on Mar 28, 2017.
             Quit the game on level 1 of the Dungeon.
             The game lasted 00:04:13 (548 turns).

Deathtrap2010 the Skirmisher (Minotaur Fighter)      Turns: 548, Time: 00:04:14

Health: 33/33      AC:  7    Str: 21    XL:     3   Next: 10%
Magic:  2/2        EV:  7    Int:  5    God:
Gold:   45         SH:  9    Dex:  9    Spells: 2/2 levels left

rFire    . . .     SeeInvis .   a - +0 war axe
rCold    . . .     Gourm    .   c - +0 shield
rNeg     . . .     Faith    .   b - +0 scale mail
rPois    .         Spirit   .   (helmet restricted)
rElec    .         Reflect  .   (no cloak)
rCorr    .         Harm     .   (no gloves)
MR       .....                  (no boots)
Stlth    ..........             (no amulet)
Regen    0.2/turn               (no ring)
MPRegen  0.1/turn               (no ring)

@: no status effects
A: retaliatory headbutt, horns 2
a: no special abilities


You were on level 1 of the Dungeon.
You were not hungry.

You visited 1 branch of the dungeon, and saw 1 of its levels.

You collected 45 gold pieces.

Inventory:

Hand Weapons
 a - a +0 war axe (weapon)
Armour
 b - a +0 scale mail (worn)
 c - a +0 shield (worn)
Scrolls
 h - 2 scrolls of identify
Potions
 d - a potion of might
 e - a potion of haste
 g - a potion of magic
Comestibles
 f - a bread ration


   Skills:
 * Level 4.3 Fighting
 * Level 2.6 Axes
 * Level 4.1 Armour
 * Level 4.0 Shields


You had 2 spell levels left.
You didn't know any spells.

Dungeon Overview and Level Annotations

Branches:
Dungeon (1/15)

Altars:


Innate Abilities, Weirdness & Mutations

You reflexively headbutt those who attack you in melee.
You have a pair of horns on your head.


Message History

You block the rat's attack.
You see here 5 gold pieces.
You closely miss the rat. You headbutt the rat.
You kill the rat!
You now have 45 gold pieces (gained 5).
Describe a (M)onster, (S)pell, s(K)ill, (A)bility, (C)ard, (I)tem, (F)eature, (G)od, (B)ranch, c(L)oud or s(T)atus?
Describe a monster; partial names and regexps are fine.
Enter a single letter to list monsters displayed by that symbol.
Describe what?
Describe a (M)onster, (S)pell, s(K)ill, (A)bility, (C)ard, (I)tem, (F)eature, (G)od, (B)ranch, c(L)oud or s(T)atus?
Describe a monster; partial names and regexps are fine.
Enter a single letter to list monsters displayed by that symbol.
Describe what?
No matching monsters.
Describe a (M)onster, (S)pell, s(K)ill, (A)bility, (C)ard, (I)tem, (F)eature, (G)od, (B)ranch, c(L)oud or s(T)atus?
Describe a monster; partial names and regexps are fine.
Enter a single letter to list monsters displayed by that symbol.
Describe what?
No matching monsters.
Describe a (M)onster, (S)pell, s(K)ill, (A)bility, (C)ard, (I)tem, (F)eature, (G)od, (B)ranch, c(L)oud or s(T)atus?
Describe a (M)onster, (S)pell, s(K)ill, (A)bility, (C)ard, (I)tem, (F)eature, (G)od, (B)ranch, c(L)oud or s(T)atus?
Okay, then.
Are you sure you want to abandon this character and quit the game? (Confirm with "yes".)

.......#.......##......).†.......
.....#..........#................
...............##.#####..........
#.#.#.#.#.#.#.#...# #####......
###############.#.# ##......
......##.. .....########.......
.#.##.##.# ## ####.......######
.#.##..#.# #########.......#
....##.#.# #....@..#.......#
.)..##...# #.......#.......###
....# #..# #.......#.........#
....# #..# #.......#......##.#
#...###..# #.......#.......#.#
#.......># #.......#.......#.#
#...###### #...............#.#
#...# ######.......#.......#.#
#.^.###............#######.#.#


There were no monsters in sight!

Vanquished Creatures
  An ooze (D:1)
  A dart slug (D:1)
  3 leopard geckos (D:1)
  3 giant cockroaches (D:1)
  3 goblins (D:1)
  A hobgoblin (D:1)
  2 bats (D:1)
  2 frilled lizards (D:1)
  3 kobolds (D:1)
  5 rats (D:1)
24 creatures vanquished.

Notes
Turn   | Place    | Note
-------+----------+-------------------------------------------
     0 | D:1      | Deathtrap2010 the Minotaur Fighter began the quest for the Orb.
     0 | D:1      | Reached XP level 1. HP: 19/19 MP: 0/0
   160 | D:1      | Reached XP level 2. HP: 25/27 MP: 1/1
   480 | D:1      | Reached XP level 3. HP: 33/33 MP: 2/2
   548 | D:1      | Quit the game

Vault maps used:
D:1:      co_arrival_square_in_a_square_in_a_square, minmay_tetromino_i4

Skill      XL: |  1  2 |
---------------+-------+-----
Fighting       | 4 |  4.3
Armour         | 4 |  4.1
Shields        | 4 |  4.0
Axes           | |  2.6

Action                   || total
-------------------------++-------
Melee: War axe           ||    37
       Headbutt          ||     5
  Use: Scroll            ||     1
       Potion            ||     4
Armor: Scale mail        ||    25
Dodge: Dodged            ||    13
Block: Shield            ||    35
